[ AOE2 MATCH · #479035932 ]
UnrankedGoths vs Goths
[ REPLAY ANALYSIS · EXTRACTED FROM THE RECORDED GAME ]
Feudal
12:15
Castle
22:23
Imperial
—
| APM avg | 17.1 |
| APM peak | 48 |
| eAPM avg | 11.9 |
| Villagers / military | 89 / 232 |
Focus
⚔️ 36.3% · 🌾 63.7%
Militia ×128 · Spearman ×99 · Battering Ram ×4 · Monk ×1 · Unknown (1105) ×1
Feudal
11:35
Castle
15:19
Imperial
30:57
| APM avg | 40.2 |
| APM peak | 107 |
| eAPM avg | 22.0 |
| Villagers / military | 120 / 283 |
Focus
⚔️ 41.1% · 🌾 58.9%
Huskarl ×279 · Monk ×4
Feudal
12:17
Castle
16:19
Imperial
30:04
| APM avg | 31.0 |
| APM peak | 90 |
| eAPM avg | 23.6 |
| Villagers / military | 348 / 179 |
Focus
⚔️ 17.1% · 🌾 82.9%
Spearman ×82 · Hand Cannoneer ×49 · Knight ×18 · Hussite Wagon ×18 · Bombard Cannon ×6 · Mangonel ×4
Feudal
11:06
Castle
16:17
Imperial
44:12
| APM avg | 18.8 |
| APM peak | 40 |
| eAPM avg | 13.3 |
| Villagers / military | 122 / 173 |
Focus
⚔️ 38.2% · 🌾 61.8%
Scout Cavalry ×87 · Scorpion ×66 · Knight ×16 · Monk ×4
Feudal
10:11
Castle
19:05
Imperial
41:58
| APM avg | 16.8 |
| APM peak | 44 |
| eAPM avg | 9.4 |
| Villagers / military | 81 / 91 |
Focus
⚔️ 21.0% · 🌾 79.0%
Scout Cavalry ×63 · Cavalry Archer ×18 · Trade Cart ×17 · Mangudai ×5 · Spearman ×5
Feudal
10:18
Castle
19:11
Imperial
—
| APM avg | 21.5 |
| APM peak | 50 |
| eAPM avg | 13.9 |
| Villagers / military | 206 / 21 |
Focus
⚔️ 18.4% · 🌾 81.6%
Archer ×15 · Spearman ×6
Feudal
11:36
Castle
16:18
Imperial
39:10
| APM avg | 20.1 |
| APM peak | 59 |
| eAPM avg | 10.1 |
| Villagers / military | 111 / 70 |
Focus
⚔️ 16.7% · 🌾 83.3%
Knight ×44 · Conquistador ×25 · Monk ×1
Feudal
11:58
Castle
22:01
Imperial
—
| APM avg | 11.3 |
| APM peak | 40 |
| eAPM avg | 6.2 |
| Villagers / military | 69 / 33 |
Focus
⚔️ 17.8% · 🌾 82.2%
Tarkan ×31 · Trade Cart ×4 · Mangonel ×2
Match map
Initial resources + every placement click. Lines = walls · curves = elevation contours. ◆ gold · ⬟ stone · ● berries · ✦ relic · ◌ wall gap
Your base· ✓ Closed at 22:23 · 0t walls · 3 gate(s)
Pillage The Village's base· ✓ Closed at 15:19 · 0t walls · 5 gate(s)
M.S.'s base· ✓ Closed at 16:19 · 0t walls · 2 gate(s)
Myll_Barka's base· ✓ Closed at 16:17 · 0t walls · 3 gate(s)
karamasce's base· ✓ Closed at 19:05 · 0t walls · 2 gate(s)
Pontifex Fakkulus's base· ✓ Closed at 19:11 · 0t walls · 2 gate(s)
COMMANDER SANDER's base· ✓ Closed at 16:18 · 0t walls · 3 gate(s)
simirfan's base· ✓ Closed at 22:01 · 0t walls · 3 gate(s)
Smoothed initial terrain · ◌ = detected wall gap · hover for details
Inputs per minute
— Geosim - - Pillage The Village
Build order — Geosim
First 150 of 254 actions detected
| 0:02 | Create | Villager (Male) ×4 |
| 0:04 | Build | House |
| 0:07 | Build | House |
| 1:27 | Create | Villager (Male) |
| 1:28 | Research | Loom |
| 2:01 | Create | Villager (Male) |
| 2:11 | Create | Villager (Male) |
| 2:19 | Build | Lumber Camp |
| 2:48 | Create | Villager (Male) |
| 2:55 | Build | House |
| 2:56 | Build | House |
| 3:14 | Create | Villager (Male) |
| 3:43 | Create | Villager (Male) |
| 4:09 | Create | Villager (Male) |
| 4:32 | Build | Mill |
| 4:39 | Create | Villager (Male) |
| 5:02 | Create | Villager (Male) |
| 5:04 | Create | Villager (Male) |
| 5:29 | Create | Villager (Male) |
| 5:47 | Create | Villager (Male) |
| 6:28 | Create | Villager (Male) |
| 6:28 | Create | Villager (Male) |
| 6:43 | Build | Barracks |
| 6:53 | Create | Villager (Male) |
| 6:54 | Create | Villager (Male) |
| 7:21 | Build | House |
| 7:40 | Build | House |
| 7:42 | Build | House |
| 8:21 | Create | Villager (Male) |
| 8:22 | Create | Villager (Male) |
| 8:24 | Create | Villager (Male) |
| 8:54 | Build | Barracks |
| 8:56 | Create | Militia |
| 8:56 | Create | Militia |
| 9:04 | Build | Mining Camp |
| 9:08 | Create | Villager (Male) |
| 9:21 | Build | House |
| 9:47 | Research | Feudal Age |
| 10:04 | Create | Militia |
| 10:13 | Build | House |
| 10:24 | Create | Villager (Male) |
| 10:39 | Create | Militia |
| 10:55 | Build | Mill |
| 11:08 | Build | Farm |
| 11:09 | Build | Farm |
| 11:10 | Build | Farm |
| 11:10 | Build | Farm |
| 11:13 | Create | Villager (Male) |
| 11:18 | Create | Militia |
| 11:19 | Create | Militia |
| 11:49 | Build | House |
| 12:15 | Age | Feudal Age |
| 12:34 | Research | Double-Bit Axe |
| 12:42 | Build | Blacksmith |
| 12:44 | Research | Man-at-Arms (upgrade) |
| 13:00 | Create | Villager (Male) |
| 13:21 | Create | Villager (Male) |
| 13:22 | Research | Horse Collar |
| 13:31 | Research | Gold Mining |
| 13:39 | Build | Market |
| 13:59 | Create | Villager (Male) |
| 14:08 | Build | House |
| 14:09 | Build | House |
| 14:16 | Create | Villager (Male) |
| 14:21 | Build | Farm |
| 14:21 | Build | Farm |
| 14:22 | Build | Farm |
| 14:57 | Build | Farm |
| 15:00 | Create | Villager (Male) |
| 15:07 | Build | Farm |
| 15:09 | Build | Farm |
| 15:13 | Create | Villager (Male) |
| 15:18 | Research | Forging |
| 15:29 | Build | Farm |
| 15:30 | Create | Villager (Male) |
| 15:51 | Build | Barracks |
| 15:55 | Build | Farm |
| 15:57 | Create | Villager (Male) |
| 16:12 | Research | Scale Mail Armor |
| 16:23 | Build | Farm |
| 16:26 | Build | Farm |
| 16:27 | Build | Farm |
| 16:31 | Create | Villager (Male) |
| 16:49 | Build | Farm |
| 16:51 | Build | Farm |
| 16:54 | Build | Farm |
| 16:57 | Create | Villager (Male) |
| 17:10 | Build | Farm |
| 17:19 | Build | House |
| 17:20 | Build | House |
| 17:21 | Build | House |
| 17:38 | Create | Villager (Male) |
| 17:39 | Create | Villager (Male) |
| 17:42 | Research | Wheelbarrow |
| 18:07 | Build | Farm |
| 18:16 | Create | Spearman |
| 18:17 | Create | Spearman |
| 18:18 | Create | Spearman |
| 18:32 | Build | Farm |
| 19:11 | Build | Barracks |
| 19:38 | Research | Castle Age |
| 19:38 | Research | Castle Age |
| 20:02 | Build | House |
| 20:03 | Build | House |
| 20:04 | Build | House |
| 20:05 | Build | House |
| 20:10 | Create | Militia |
| 20:33 | Create | Militia ×5 |
| 20:33 | Create | Militia |
| 20:44 | Create | Militia |
| 20:45 | Create | Militia |
| 20:48 | Create | Militia |
| 20:48 | Create | Militia |
| 21:02 | Create | Militia ×2 |
| 21:30 | Create | Militia ×5 |
| 21:36 | Create | Militia |
| 21:36 | Create | Militia |
| 21:42 | Create | Militia |
| 21:48 | Build | House |
| 21:48 | Build | House |
| 21:53 | Create | Militia |
| 21:54 | Create | Militia |
| 21:56 | Create | Militia |
| 22:23 | Age | Castle Age |
| 22:25 | Build | Siege Workshop |
| 22:28 | Research | Long Swordsman (upgrade) |
| 22:34 | Build | Town Center |
| 22:43 | Research | Squires |
| 23:05 | Research | Chain Mail Armor |
| 23:10 | Create | Unit 1105 |
| 23:19 | Build | Mining Camp |
| 23:28 | Research | Iron Casting |
| 23:44 | Research | Bow Saw |
| 24:14 | Create | Militia ×5 |
| 24:14 | Create | Militia ×5 |
| 24:17 | Create | Battering Ram |
| 24:17 | Create | Battering Ram |
| 24:29 | Create | Villager (Male) |
| 25:04 | Research | Pikeman (upgrade) |
| 25:05 | Create | Spearman ×4 |
| 25:05 | Create | Spearman ×4 |
| 25:22 | Create | Militia ×3 |
| 25:31 | Create | Spearman ×4 |
| 25:31 | Create | Spearman ×4 |
| 25:43 | Create | Militia |
| 26:06 | Create | Spearman ×5 |
| 26:06 | Create | Spearman ×2 |
| 26:07 | Create | Spearman ×3 |
| 26:35 | Create | Spearman ×5 |
| 26:35 | Create | Spearman ×2 |
Build order — Pillage The Village
First 150 of 568 actions detected
| 0:00 | Create | Villager (Male) |
| 0:00 | Create | Villager (Male) |
| 0:01 | Create | Villager (Male) |
| 0:01 | Create | Villager (Male) |
| 0:01 | Create | Villager (Male) |
| 0:03 | Build | House |
| 0:07 | Build | House |
| 1:28 | Build | Lumber Camp |
| 1:28 | Create | Villager (Male) |
| 2:06 | Create | Villager (Male) |
| 2:21 | Create | Villager (Male) |
| 2:36 | Build | Palisade Gate |
| 2:40 | Build | Palisade Gate |
| 2:52 | Create | Villager (Male) |
| 3:20 | Create | Villager (Male) |
| 3:29 | Build | House |
| 3:50 | Create | Villager (Male) |
| 3:57 | Build | Palisade Gate |
| 4:37 | Create | Villager (Male) |
| 5:05 | Create | Villager (Male) |
| 5:30 | Create | Villager (Male) |
| 6:05 | Create | Villager (Male) |
| 6:06 | Create | Villager (Male) |
| 6:06 | Create | Villager (Male) |
| 6:08 | Build | House |
| 6:16 | Create | Villager (Male) |
| 6:34 | Build | Mill |
| 6:48 | Create | Villager (Male) |
| 6:49 | Create | Villager (Male) |
| 6:49 | Create | Villager (Male) |
| 6:50 | Create | Villager (Male) |
| 7:46 | Create | Villager (Male) |
| 8:32 | Create | Villager (Male) |
| 8:52 | Build | Lumber Camp |
| 9:13 | Research | Feudal Age |
| 9:55 | Build | Mining Camp |
| 10:48 | Build | House |
| 10:58 | Create | Villager (Male) |
| 11:35 | Age | Feudal Age |
| 11:37 | Build | Market |
| 11:39 | Build | Blacksmith |
| 11:57 | Create | Villager (Male) |
| 12:22 | Build | Farm |
| 12:23 | Build | Farm |
| 12:39 | Research | Castle Age |
| 12:52 | Build | House |
| 13:13 | Build | Farm |
| 13:15 | Build | Farm |
| 13:42 | Research | Double-Bit Axe |
| 13:44 | Build | Farm |
| 14:04 | Build | Farm |
| 14:07 | Build | Farm |
| 14:11 | Build | Farm |
| 14:26 | Research | Gold Mining |
| 14:36 | Build | Farm |
| 15:01 | Research | Horse Collar |
| 15:19 | Age | Castle Age |
| 15:20 | Create | Villager (Male) |
| 15:28 | Build | Monastery |
| 15:37 | Research | Bow Saw |
| 15:41 | Create | Villager (Male) |
| 15:51 | Build | Farm |
| 16:09 | Create | Villager (Male) |
| 16:13 | Create | Monk |
| 16:15 | Build | House |
| 16:33 | Create | Villager (Male) |
| 16:45 | Create | Villager (Male) |
| 17:12 | Create | Monk |
| 17:14 | Create | Villager (Male) |
| 17:18 | Build | Town Center |
| 17:21 | Create | Villager (Male) |
| 17:34 | Create | Villager (Male) |
| 17:47 | Build | Barracks |
| 18:07 | Create | Villager (Male) |
| 18:18 | Create | Villager (Male) |
| 18:21 | Create | Monk |
| 18:33 | Create | Villager (Male) |
| 18:43 | Create | Villager (Male) |
| 18:43 | Create | Villager (Male) |
| 18:46 | Create | Villager (Male) |
| 18:52 | Build | Town Center |
| 18:55 | Create | Villager (Male) |
| 19:07 | Create | Villager (Male) |
| 19:13 | Create | Monk |
| 19:30 | Create | Villager (Male) |
| 19:32 | Create | Villager (Male) |
| 19:47 | Build | Mining Camp |
| 19:48 | Create | Villager (Male) |
| 19:53 | Build | Farm |
| 19:54 | Build | Farm |
| 19:54 | Build | Farm |
| 19:55 | Build | Farm |
| 19:58 | Build | House |
| 19:59 | Build | House |
| 20:07 | Create | Villager (Male) |
| 20:10 | Research | Wheelbarrow |
| 20:13 | Build | House |
| 20:15 | Build | House |
| 20:25 | Research | Loom |
| 20:29 | Create | Villager (Male) |
| 20:29 | Create | Villager (Male) |
| 20:40 | Create | Villager (Male) |
| 20:40 | Create | Villager (Male) |
| 20:50 | Create | Villager (Male) |
| 21:05 | Create | Villager (Male) |
| 21:05 | Create | Villager (Male) |
| 21:05 | Create | Villager (Male) |
| 21:13 | Build | Farm |
| 21:13 | Build | Farm |
| 21:14 | Build | Farm |
| 21:14 | Build | Farm |
| 21:18 | Create | Villager (Male) |
| 21:33 | Build | Farm |
| 21:33 | Create | Villager (Male) |
| 21:41 | Build | Farm |
| 21:42 | Build | Farm |
| 21:47 | Build | Farm |
| 21:49 | Build | Farm |
| 21:53 | Research | Heavy Plow |
| 21:56 | Build | Farm |
| 21:59 | Build | Farm |
| 22:08 | Create | Villager (Male) |
| 22:17 | Create | Villager (Male) |
| 22:23 | Build | House |
| 22:24 | Build | House |
| 22:34 | Research | Squires |
| 22:35 | Create | Villager (Male) |
| 22:45 | Create | Villager (Male) |
| 22:46 | Create | Villager (Male) |
| 22:47 | Create | Villager (Male) |
| 22:48 | Create | Villager (Male) |
| 22:48 | Create | Villager (Male) |
| 22:48 | Create | Villager (Male) |
| 22:58 | Research | Stone Mining |
| 23:01 | Create | Villager (Male) |
| 23:11 | Build | Farm |
| 23:12 | Build | Farm |
| 23:13 | Build | Farm |
| 23:17 | Build | Farm |
| 23:18 | Create | Villager (Male) |
| 23:18 | Create | Villager (Male) |
| 23:40 | Create | Villager (Male) |
| 23:40 | Create | Villager (Male) |
| 23:58 | Create | Villager (Male) |
| 23:58 | Create | Villager (Male) |
| 24:13 | Create | Villager (Male) |
| 24:14 | Create | Villager (Male) |
| 24:14 | Create | Villager (Male) |
| 24:21 | Build | House |
| 24:22 | Build | House |
Build order — M.S.
First 150 of 585 actions detected
| 0:01 | Create | Villager (Male) |
| 0:01 | Create | Villager (Male) |
| 0:01 | Create | Villager (Male) |
| 0:01 | Create | Villager (Male) |
| 0:01 | Create | Villager (Male) |
| 0:01 | Create | Villager (Male) |
| 0:01 | Create | Villager (Male) |
| 0:01 | Create | Villager (Male) |
| 0:01 | Create | Villager (Male) |
| 0:01 | Create | Villager (Male) |
| 0:01 | Create | Villager (Male) |
| 0:01 | Create | Villager (Male) |
| 0:01 | Create | Villager (Male) |
| 0:01 | Create | Villager (Male) |
| 0:01 | Create | Villager (Male) |
| 0:01 | Create | Villager (Male) |
| 0:01 | Create | Villager (Male) |
| 0:01 | Create | Villager (Male) |
| 0:01 | Create | Villager (Male) |
| 0:01 | Create | Villager (Male) |
| 0:01 | Create | Villager (Male) |
| 0:01 | Create | Villager (Male) |
| 0:02 | Create | Villager (Male) |
| 0:02 | Create | Villager (Male) |
| 0:02 | Create | Villager (Male) |
| 0:02 | Create | Villager (Male) |
| 0:02 | Create | Villager (Male) |
| 0:02 | Create | Villager (Male) |
| 0:02 | Create | Villager (Male) |
| 0:02 | Create | Villager (Male) |
| 0:02 | Create | Villager (Male) |
| 0:02 | Create | Villager (Male) |
| 0:04 | Build | House |
| 1:25 | Create | Villager (Male) |
| 1:26 | Create | Villager (Male) |
| 1:53 | Build | House |
| 1:55 | Build | House |
| 1:56 | Build | House |
| 1:57 | Build | House |
| 2:02 | Create | Villager (Male) |
| 2:25 | Create | Villager (Male) |
| 2:52 | Research | Loom |
| 3:00 | Create | Villager (Male) |
| 3:15 | Build | Mill |
| 3:18 | Create | Villager (Male) |
| 3:18 | Create | Villager (Male) |
| 3:53 | Build | House |
| 3:59 | Create | Villager (Male) |
| 4:00 | Create | Villager (Male) |
| 4:42 | Create | Villager (Male) |
| 4:42 | Create | Villager (Male) |
| 4:55 | Create | Villager (Male) |
| 4:55 | Create | Villager (Male) |
| 5:10 | Create | Villager (Male) |
| 5:40 | Create | Villager (Male) |
| 5:40 | Create | Villager (Male) |
| 6:06 | Create | Villager (Male) |
| 6:06 | Create | Villager (Male) |
| 6:29 | Create | Villager (Male) |
| 6:32 | Create | Villager (Male) |
| 6:45 | Create | Villager (Male) |
| 6:54 | Build | Mining Camp |
| 8:17 | Build | Lumber Camp |
| 8:20 | Create | Villager (Male) |
| 8:21 | Create | Villager (Male) |
| 8:22 | Create | Villager (Male) |
| 8:22 | Create | Villager (Male) |
| 10:06 | Research | Feudal Age |
| 11:09 | Build | Mill |
| 11:25 | Build | Farm |
| 11:25 | Build | Farm |
| 11:25 | Build | Farm |
| 11:52 | Create | Villager (Male) |
| 11:52 | Create | Villager (Male) |
| 12:17 | Age | Feudal Age |
| 12:26 | Build | Market |
| 12:33 | Build | Blacksmith |
| 12:59 | Create | Villager (Male) |
| 13:23 | Build | Mining Camp |
| 13:39 | Research | Castle Age |
| 14:08 | Research | Double-Bit Axe |
| 14:29 | Research | Horse Collar |
| 15:32 | Create | Trade Cart |
| 15:49 | Build | Farm |
| 15:49 | Build | Farm |
| 15:49 | Build | Farm |
| 15:50 | Build | Farm |
| 15:50 | Build | Farm |
| 16:19 | Age | Castle Age |
| 16:23 | Build | House |
| 16:24 | Build | House |
| 16:25 | Build | House |
| 16:31 | Research | Wheelbarrow |
| 17:06 | Build | Castle |
| 17:13 | Create | Villager (Male) |
| 17:33 | Build | Town Center |
| 17:55 | Build | House |
| 17:57 | Build | House |
| 17:58 | Build | House |
| 17:59 | Build | House |
| 18:53 | Create | Villager (Male) |
| 18:53 | Create | Villager (Male) |
| 18:54 | Create | Villager (Male) |
| 19:05 | Build | Farm |
| 19:05 | Build | Farm |
| 19:05 | Build | Farm |
| 19:06 | Build | Farm |
| 19:06 | Build | Farm |
| 19:06 | Build | Farm |
| 19:06 | Build | Farm |
| 19:08 | Create | Villager (Male) |
| 19:16 | Build | House |
| 19:17 | Build | House |
| 19:35 | Research | Bow Saw |
| 19:36 | Create | Villager (Male) |
| 19:36 | Create | Villager (Male) |
| 19:43 | Create | Villager (Male) |
| 19:43 | Create | Villager (Male) |
| 19:52 | Build | Farm |
| 19:53 | Build | Farm |
| 19:53 | Build | Farm |
| 19:53 | Build | Farm |
| 20:02 | Create | Villager (Male) |
| 20:23 | Create | Villager (Male) |
| 20:27 | Create | Villager (Male) |
| 20:41 | Create | Villager (Male) |
| 20:47 | Create | Villager (Male) |
| 20:52 | Build | Farm |
| 20:53 | Build | Farm |
| 20:53 | Build | Farm |
| 20:53 | Build | Farm |
| 20:53 | Build | Farm |
| 20:54 | Build | Farm |
| 20:54 | Build | Farm |
| 20:58 | Create | Villager (Male) |
| 21:38 | Create | Villager (Male) |
| 21:54 | Create | Villager (Male) |
| 21:56 | Create | Villager (Male) |
| 21:56 | Create | Villager (Male) |
| 22:01 | Create | Villager (Male) |
| 22:20 | Build | Town Center |
| 22:38 | Create | Hussite Wagon |
| 22:51 | Build | Gate |
| 22:57 | Build | Stone Wall |
| 23:00 | Build | Stone Wall |
| 23:08 | Create | Villager (Male) |
| 23:14 | Create | Villager (Male) |
| 23:14 | Create | Villager (Male) |
| 23:14 | Create | Villager (Male) |
| 23:22 | Build | Farm |
Build order — Myll_Barka
First 150 of 456 actions detected
| 0:02 | Create | Villager (Male) |
| 0:03 | Create | Villager (Male) |
| 0:04 | Build | House |
| 0:06 | Build | House |
| 0:48 | Create | Villager (Male) |
| 0:48 | Create | Villager (Male) |
| 1:28 | Create | Villager (Male) |
| 2:02 | Build | Lumber Camp |
| 2:15 | Create | Villager (Male) |
| 2:28 | Create | Villager (Male) |
| 2:58 | Create | Villager (Male) |
| 3:28 | Create | Villager (Male) |
| 3:31 | Research | Loom |
| 3:34 | Build | House |
| 4:01 | Build | Mill |
| 4:11 | Create | Villager (Male) |
| 4:11 | Create | Villager (Male) |
| 5:03 | Create | Villager (Male) |
| 5:36 | Create | Villager (Male) |
| 5:36 | Create | Villager (Male) |
| 5:36 | Create | Villager (Male) |
| 5:37 | Create | Villager (Male) |
| 6:08 | Build | House |
| 6:14 | Create | Villager (Male) |
| 6:34 | Build | Mill |
| 6:37 | Create | Villager (Male) |
| 6:51 | Create | Villager (Male) |
| 6:52 | Create | Villager (Male) |
| 8:15 | Build | House |
| 8:17 | Build | House |
| 8:21 | Build | Barracks |
| 8:33 | Research | Feudal Age |
| 9:10 | Build | Mining Camp |
| 9:52 | Build | Farm |
| 9:57 | Build | Farm |
| 10:06 | Create | Villager (Male) |
| 10:07 | Create | Villager (Male) |
| 10:08 | Create | Villager (Male) |
| 10:09 | Create | Villager (Male) |
| 10:15 | Build | House |
| 10:22 | Build | Farm |
| 10:47 | Build | House |
| 11:06 | Age | Feudal Age |
| 11:12 | Build | Stable |
| 11:22 | Research | Double-Bit Axe |
| 11:44 | Build | Farm |
| 12:07 | Build | Farm |
| 12:12 | Build | Farm |
| 12:18 | Create | Villager (Male) |
| 12:52 | Build | Blacksmith |
| 13:03 | Build | Farm |
| 13:37 | Research | Castle Age |
| 13:42 | Build | Stable |
| 13:57 | Build | Farm |
| 14:15 | Research | Horse Collar |
| 14:39 | Research | Gold Mining |
| 14:50 | Build | Farm |
| 15:19 | Research | Bloodlines |
| 15:35 | Build | Farm |
| 15:39 | Build | Farm |
| 16:09 | Create | Villager (Male) |
| 16:10 | Create | Villager (Male) |
| 16:17 | Age | Castle Age |
| 16:19 | Create | Knight |
| 16:19 | Create | Knight |
| 16:32 | Build | Town Center |
| 16:48 | Create | Knight |
| 16:51 | Create | Knight |
| 17:02 | Create | Villager (Male) |
| 17:11 | Create | Villager (Male) |
| 17:18 | Build | Farm |
| 17:52 | Research | Bow Saw |
| 17:57 | Create | Knight |
| 18:10 | Build | Farm |
| 18:21 | Build | Farm |
| 18:22 | Create | Villager (Male) |
| 18:25 | Create | Knight |
| 19:05 | Create | Knight |
| 19:05 | Create | Knight |
| 19:07 | Create | Villager (Male) |
| 19:30 | Build | Town Center |
| 19:34 | Create | Villager (Male) |
| 19:36 | Create | Villager (Male) |
| 19:39 | Build | Farm |
| 20:00 | Create | Villager (Male) |
| 20:00 | Create | Villager (Male) |
| 20:09 | Create | Villager (Male) |
| 20:27 | Create | Villager (Male) |
| 20:27 | Create | Villager (Male) |
| 20:33 | Build | House |
| 20:56 | Create | Villager (Male) |
| 20:56 | Create | Villager (Male) |
| 21:00 | Build | Farm |
| 21:08 | Build | House |
| 21:38 | Build | Siege Workshop |
| 21:42 | Create | Villager (Male) |
| 21:42 | Create | Villager (Male) |
| 21:47 | Research | Heavy Plow |
| 21:55 | Build | House |
| 21:56 | Build | House |
| 21:58 | Build | House |
| 22:01 | Create | Villager (Male) |
| 22:01 | Create | Villager (Male) |
| 22:26 | Research | Wheelbarrow |
| 22:33 | Build | Siege Workshop |
| 22:36 | Create | Villager (Male) |
| 22:50 | Create | Villager (Male) |
| 22:53 | Create | Villager (Male) |
| 23:00 | Create | Villager (Male) |
| 23:11 | Create | Scorpion |
| 23:13 | Create | Scorpion |
| 23:19 | Create | Scorpion |
| 23:23 | Create | Villager (Male) |
| 23:39 | Create | Villager (Male) |
| 23:40 | Create | Villager (Male) |
| 23:54 | Build | Mining Camp |
| 23:57 | Create | Villager (Male) |
| 24:08 | Create | Scorpion |
| 24:08 | Create | Scorpion |
| 24:16 | Create | Villager (Male) |
| 24:17 | Create | Villager (Male) |
| 24:18 | Create | Villager (Male) |
| 24:25 | Create | Villager (Male) |
| 24:32 | Build | Farm |
| 24:44 | Research | Husbandry |
| 24:50 | Create | Scorpion |
| 24:50 | Create | Scorpion |
| 24:56 | Create | Villager (Male) |
| 25:02 | Build | Farm |
| 25:03 | Build | Farm |
| 25:18 | Create | Scorpion |
| 25:18 | Create | Scorpion |
| 25:21 | Create | Knight |
| 25:21 | Create | Knight |
| 25:25 | Create | Villager (Male) |
| 25:26 | Create | Villager (Male) |
| 25:34 | Build | House |
| 25:35 | Build | House |
| 25:36 | Build | House |
| 25:54 | Research | Scale Barding Armor |
| 26:04 | Build | Market |
| 26:28 | Create | Scorpion |
| 26:28 | Create | Scorpion |
| 26:31 | Create | Knight |
| 26:32 | Create | Knight |
| 26:35 | Research | Forging |
| 26:58 | Create | Villager (Male) |
| 26:59 | Create | Villager (Male) |
| 27:00 | Create | Villager (Male) |
| 27:09 | Build | Town Center |
Build order — karamasce
First 150 of 208 actions detected
| 0:03 | Build | House |
| 0:05 | Build | House |
| 0:06 | Create | Villager (Male) |
| 0:07 | Create | Villager (Male) |
| 0:07 | Create | Villager (Male) |
| 0:07 | Create | Villager (Male) |
| 1:41 | Create | Villager (Male) |
| 2:10 | Research | Loom |
| 2:13 | Create | Villager (Male) |
| 2:21 | Create | Villager (Male) |
| 2:54 | Create | Villager (Male) |
| 3:28 | Create | Villager (Male) |
| 3:56 | Create | Villager (Male) |
| 4:08 | Build | Mill |
| 4:15 | Create | Villager (Male) |
| 4:28 | Create | Villager (Male) |
| 4:46 | Build | House |
| 5:13 | Create | Villager (Male) |
| 5:20 | Build | House |
| 6:36 | Create | Villager (Male) |
| 6:36 | Create | Villager (Male) |
| 6:37 | Create | Villager (Male) |
| 6:50 | Build | Lumber Camp |
| 8:01 | Research | Feudal Age |
| 8:27 | Build | Lumber Camp |
| 9:17 | Create | Villager (Male) |
| 9:18 | Create | Villager (Male) |
| 10:11 | Age | Feudal Age |
| 10:32 | Build | Market |
| 10:56 | Create | Villager (Male) |
| 11:00 | Research | Horse Collar |
| 11:05 | Research | Double-Bit Axe |
| 11:13 | Build | Mining Camp |
| 11:16 | Create | Villager (Male) |
| 11:32 | Build | House |
| 11:33 | Build | House |
| 11:34 | Build | House |
| 11:37 | Build | House |
| 11:39 | Build | House |
| 11:40 | Build | House |
| 11:41 | Build | House |
| 11:51 | Create | Villager (Male) |
| 11:57 | Build | Farm |
| 12:01 | Create | Villager (Male) |
| 13:53 | Build | Farm |
| 13:53 | Build | Farm |
| 14:10 | Build | Farm |
| 14:11 | Build | Farm |
| 14:14 | Build | Farm |
| 14:15 | Build | Farm |
| 14:17 | Create | Villager (Male) |
| 14:17 | Create | Villager (Male) |
| 14:17 | Create | Villager (Male) |
| 14:38 | Create | Villager (Male) |
| 14:49 | Build | Farm |
| 14:58 | Create | Villager (Male) |
| 15:22 | Build | Blacksmith |
| 15:35 | Create | Trade Cart |
| 15:35 | Create | Trade Cart |
| 15:55 | Build | Farm |
| 16:13 | Research | Gold Mining |
| 16:19 | Create | Villager (Male) |
| 16:23 | Research | Castle Age |
| 16:38 | Create | Villager (Male) |
| 16:39 | Create | Villager (Male) |
| 16:48 | Create | Trade Cart |
| 17:06 | Build | Farm |
| 17:06 | Build | Farm |
| 17:06 | Build | Farm |
| 17:07 | Build | Farm |
| 17:07 | Build | Farm |
| 17:24 | Create | Trade Cart |
| 17:49 | Create | Trade Cart |
| 17:52 | Create | Villager (Male) |
| 19:05 | Age | Castle Age |
| 19:23 | Create | Villager (Male) |
| 19:29 | Create | Villager (Male) |
| 19:43 | Build | Barracks |
| 19:57 | Create | Villager (Male) |
| 19:57 | Create | Villager (Male) |
| 20:09 | Build | Siege Workshop |
| 20:32 | Create | Villager (Male) |
| 20:33 | Create | Villager (Male) |
| 20:46 | Build | Archery Range |
| 20:48 | Build | Archery Range |
| 20:54 | Research | Pikeman (upgrade) |
| 20:56 | Create | Spearman ×5 |
| 21:11 | Build | Mining Camp |
| 21:32 | Create | Cavalry Archer ×4 |
| 21:47 | Research | Scale Barding Armor |
| 21:52 | Research | Fletching |
| 21:53 | Research | Padded Archer Armor |
| 21:56 | Research | Forging |
| 22:42 | Research | Squires |
| 23:04 | Create | Villager (Male) ×5 |
| 23:15 | Build | Town Center |
| 23:43 | Research | Thumb Ring |
| 24:21 | Create | Trade Cart |
| 24:29 | Build | House |
| 24:30 | Build | House |
| 24:31 | Build | House |
| 24:32 | Build | House |
| 24:34 | Build | House |
| 24:35 | Build | House |
| 24:37 | Build | House |
| 24:38 | Build | House |
| 24:51 | Create | Villager (Male) ×5 |
| 24:58 | Create | Villager (Male) |
| 25:08 | Create | Cavalry Archer ×4 |
| 25:26 | Research | Bodkin Arrow |
| 25:33 | Create | Villager (Male) ×2 |
| 25:41 | Build | Mining Camp |
| 26:06 | Create | Trade Cart |
| 26:11 | Research | Gold Mining |
| 27:02 | Research | Leather Archer Armor |
| 27:24 | Create | Villager (Male) ×4 |
| 27:33 | Build | Farm |
| 27:33 | Build | Farm |
| 29:56 | Create | Villager (Male) ×5 |
| 30:00 | Create | Villager (Male) ×5 |
| 30:06 | Build | Farm |
| 30:15 | Build | Castle |
| 30:20 | Create | Cavalry Archer ×5 |
| 30:23 | Create | Cavalry Archer ×5 |
| 30:33 | Build | Farm |
| 30:36 | Build | Farm |
| 30:39 | Create | Villager (Male) |
| 30:40 | Create | Villager (Male) |
| 30:44 | Research | Chain Barding Armor |
| 32:39 | Build | Castle |
| 32:52 | Build | Stable |
| 32:53 | Build | Stable |
| 32:54 | Build | Stable |
| 32:55 | Build | Stable |
| 33:03 | Build | Farm |
| 33:04 | Build | Farm |
| 33:04 | Build | Farm |
| 33:04 | Build | Farm |
| 33:05 | Build | Farm |
| 33:09 | Create | Villager (Male) ×5 |
| 33:22 | Create | Trade Cart ×5 |
| 33:28 | Create | Mangudai ×5 |
| 33:38 | Research | Iron Casting |
| 34:22 | Research | Light Cavalry (upgrade) |
| 34:23 | Research | Bloodlines |
| 34:26 | Research | Husbandry |
| 34:38 | Build | Farm |
| 34:41 | Create | Villager (Male) ×5 |
| 34:46 | Create | Villager (Male) ×5 |
| 35:06 | Create | Scout Cavalry ×3 |
Build order — Pontifex Fakkulus
First 150 of 290 actions detected
| 0:01 | Create | Villager (Male) |
| 0:01 | Create | Villager (Male) |
| 0:04 | Build | House |
| 0:05 | Build | House |
| 0:11 | Create | Villager (Male) |
| 0:11 | Create | Villager (Male) |
| 1:29 | Create | Villager (Male) |
| 2:02 | Build | Lumber Camp |
| 2:05 | Create | Villager (Male) |
| 2:05 | Create | Villager (Male) |
| 2:52 | Create | Villager (Male) |
| 2:52 | Create | Villager (Male) ×2 |
| 2:52 | Create | Villager (Male) |
| 3:09 | Create | Villager (Male) |
| 3:09 | Create | Villager (Male) |
| 3:31 | Build | House |
| 3:41 | Create | Villager (Male) |
| 3:41 | Create | Villager (Male) |
| 4:23 | Create | Villager (Male) |
| 4:39 | Create | Villager (Male) |
| 4:39 | Create | Villager (Male) |
| 5:20 | Build | Mill |
| 5:23 | Create | Villager (Male) |
| 5:23 | Create | Villager (Male) |
| 5:38 | Create | Villager (Male) |
| 5:48 | Create | Villager (Male) |
| 5:48 | Create | Villager (Male) |
| 5:48 | Create | Villager (Male) |
| 6:04 | Create | Villager (Male) |
| 6:04 | Create | Villager (Male) |
| 6:10 | Create | Villager (Male) |
| 6:10 | Create | Villager (Male) |
| 6:32 | Build | House |
| 7:13 | Build | House |
| 7:46 | Build | House |
| 7:55 | Create | Villager (Male) |
| 8:08 | Research | Feudal Age |
| 8:52 | Build | Mining Camp |
| 8:58 | Create | Villager (Male) |
| 9:56 | Create | Villager (Male) ×2 |
| 10:13 | Create | Villager (Male) |
| 10:18 | Age | Feudal Age |
| 10:25 | Build | Blacksmith |
| 10:42 | Create | Villager (Male) |
| 11:07 | Research | Double-Bit Axe |
| 11:24 | Build | Farm |
| 11:35 | Build | Farm |
| 11:36 | Build | Farm |
| 11:38 | Build | Farm |
| 11:40 | Build | Farm |
| 12:02 | Build | Barracks |
| 12:05 | Create | Villager (Male) |
| 12:26 | Build | Farm |
| 12:47 | Build | Farm |
| 12:52 | Create | Villager (Male) ×4 |
| 13:10 | Build | Farm |
| 13:12 | Build | Farm |
| 14:00 | Build | Archery Range |
| 14:14 | Create | Villager (Male) |
| 14:22 | Build | Farm |
| 14:27 | Build | Farm |
| 14:37 | Build | Farm |
| 14:49 | Create | Archer |
| 14:59 | Build | Farm |
| 15:09 | Build | Farm |
| 15:22 | Build | Farm |
| 15:36 | Create | Archer |
| 16:31 | Research | Castle Age |
| 16:44 | Build | House |
| 16:44 | Build | House |
| 16:46 | Build | House |
| 16:50 | Create | Villager (Male) |
| 16:50 | Create | Villager (Male) ×2 |
| 17:11 | Build | Stable |
| 17:13 | Build | Stable |
| 18:21 | Build | Outpost |
| 18:23 | Build | Outpost |
| 18:28 | Build | Outpost |
| 18:53 | Create | Villager (Male) |
| 19:11 | Age | Castle Age |
| 19:15 | Build | Outpost |
| 19:17 | Build | Outpost |
| 19:19 | Build | Outpost |
| 19:21 | Build | Outpost |
| 20:00 | Build | Town Center |
| 20:09 | Create | Villager (Male) |
| 20:17 | Research | Elite Skirmisher (upgrade) |
| 20:22 | Research | Scale Barding Armor |
| 20:23 | Research | Fletching |
| 20:29 | Create | Villager (Male) ×5 |
| 20:30 | Create | Villager (Male) |
| 20:55 | Build | Mining Camp |
| 21:49 | Research | Bow Saw |
| 21:54 | Create | Villager (Male) |
| 21:55 | Create | Villager (Male) |
| 21:55 | Create | Villager (Male) |
| 21:55 | Create | Villager (Male) |
| 21:55 | Create | Villager (Male) ×5 |
| 22:19 | Create | Villager (Male) |
| 22:19 | Create | Villager (Male) |
| 22:40 | Build | Town Center |
| 22:46 | Create | Villager (Male) |
| 22:46 | Create | Villager (Male) |
| 22:57 | Research | Wheelbarrow |
| 22:57 | Research | Town Watch |
| 22:58 | Research | Loom |
| 22:59 | Create | Villager (Male) |
| 23:00 | Create | Villager (Male) |
| 23:00 | Create | Villager (Male) ×4 |
| 23:13 | Create | Villager (Male) ×2 |
| 23:53 | Build | Siege Workshop |
| 23:54 | Build | Siege Workshop |
| 24:15 | Research | Crossbowman (upgrade) |
| 24:16 | Create | Archer ×5 |
| 24:16 | Create | Archer ×5 |
| 24:16 | Create | Archer ×3 |
| 24:32 | Create | Spearman ×2 |
| 24:32 | Create | Spearman ×2 |
| 24:32 | Create | Spearman ×2 |
| 27:40 | Build | Farm |
| 27:40 | Build | Farm |
| 27:41 | Build | Farm |
| 27:41 | Build | Farm |
| 27:41 | Build | Farm |
| 27:42 | Build | Farm |
| 28:20 | Build | Farm |
| 28:20 | Build | Farm |
| 28:20 | Build | Farm |
| 28:20 | Build | Farm |
| 28:21 | Build | Farm |
| 28:21 | Build | Farm |
| 28:22 | Build | Farm |
| 28:23 | Build | Farm |
| 28:24 | Build | Farm |
| 29:07 | Build | Farm |
| 30:08 | Build | Stone Wall |
| 31:34 | Build | Town Center |
| 33:46 | Create | Villager (Male) ×4 |
| 33:46 | Create | Villager (Male) |
| 33:46 | Create | Villager (Male) |
| 34:42 | Build | Town Center |
| 34:48 | Create | Villager (Male) |
| 34:48 | Create | Villager (Male) |
| 35:36 | Build | Farm |
| 35:37 | Build | Farm |
| 35:38 | Build | Farm |
| 35:40 | Build | Farm |
| 35:41 | Build | Farm |
| 35:44 | Build | Farm |
| 35:45 | Build | Farm |
Build order — COMMANDER SANDER
First 150 of 263 actions detected
| 0:01 | Create | Villager (Male) |
| 0:01 | Create | Villager (Male) |
| 0:01 | Create | Villager (Male) |
| 0:02 | Create | Villager (Male) |
| 0:04 | Build | House |
| 0:06 | Build | House |
| 1:31 | Create | Villager (Male) |
| 1:57 | Build | Lumber Camp |
| 1:58 | Create | Villager (Male) |
| 2:20 | Create | Villager (Male) |
| 3:06 | Create | Villager (Male) |
| 3:13 | Create | Villager (Male) |
| 3:34 | Build | House |
| 3:49 | Create | Villager (Male) |
| 4:04 | Build | Mill |
| 4:07 | Create | Villager (Male) |
| 4:33 | Create | Villager (Male) |
| 5:06 | Create | Villager (Male) |
| 5:36 | Create | Villager (Male) |
| 5:45 | Build | House |
| 6:06 | Create | Villager (Male) |
| 6:21 | Build | House |
| 6:25 | Create | Villager (Male) |
| 6:51 | Create | Villager (Male) |
| 7:10 | Create | Villager (Male) |
| 7:19 | Create | Villager (Male) |
| 7:59 | Build | Mining Camp |
| 8:09 | Create | Villager (Male) |
| 8:34 | Create | Villager (Male) |
| 8:57 | Create | Villager (Male) |
| 9:15 | Research | Feudal Age |
| 10:06 | Build | Farm |
| 10:08 | Build | Farm |
| 10:10 | Build | Farm |
| 10:15 | Create | Villager (Male) |
| 10:39 | Build | Farm |
| 11:13 | Build | Farm |
| 11:21 | Build | Farm |
| 11:27 | Build | Farm |
| 11:36 | Age | Feudal Age |
| 11:42 | Create | Villager (Male) |
| 11:48 | Research | Double-Bit Axe |
| 11:58 | Build | Market |
| 12:02 | Build | Blacksmith |
| 12:14 | Create | Villager (Male) |
| 12:20 | Build | Farm |
| 12:25 | Build | Farm |
| 12:42 | Build | Farm |
| 12:47 | Build | Farm |
| 13:07 | Build | Farm |
| 13:38 | Research | Castle Age |
| 14:28 | Create | Villager (Male) |
| 15:13 | Research | Horse Collar |
| 15:35 | Build | Lumber Camp |
| 16:13 | Research | Wheelbarrow |
| 16:15 | Create | Villager (Male) |
| 16:18 | Age | Castle Age |
| 16:24 | Build | Town Center |
| 17:18 | Create | Villager (Male) |
| 17:18 | Create | Villager (Male) |
| 17:26 | Research | Bow Saw |
| 17:33 | Build | Farm |
| 17:34 | Build | Farm |
| 18:00 | Create | Villager (Male) |
| 18:06 | Create | Villager (Male) |
| 18:21 | Research | Heavy Plow |
| 18:23 | Research | Gold Mining |
| 18:25 | Create | Villager (Male) |
| 18:26 | Create | Villager (Male) |
| 18:45 | Build | House |
| 18:46 | Build | House |
| 18:57 | Build | House |
| 19:03 | Build | Farm |
| 19:03 | Build | Farm |
| 19:05 | Create | Villager (Male) |
| 19:07 | Create | Villager (Male) |
| 19:12 | Create | Villager (Male) |
| 19:16 | Create | Villager (Male) |
| 19:21 | Build | House |
| 19:21 | Build | House |
| 19:48 | Build | Barracks |
| 19:54 | Create | Villager (Male) |
| 19:55 | Create | Villager (Male) |
| 20:12 | Build | Farm |
| 20:15 | Build | House |
| 20:17 | Create | Villager (Male) |
| 20:18 | Create | Villager (Male) |
| 20:32 | Create | Villager (Male) |
| 20:40 | Build | Stable |
| 20:51 | Create | Villager (Male) |
| 20:52 | Create | Villager (Male) |
| 20:53 | Create | Villager (Male) |
| 21:15 | Create | Villager (Male) |
| 21:19 | Research | Hand Cart |
| 21:28 | Build | Farm |
| 21:32 | Research | Husbandry |
| 21:32 | Research | Bloodlines |
| 21:35 | Create | Knight |
| 21:35 | Create | Knight |
| 21:38 | Create | Villager (Male) |
| 21:38 | Create | Villager (Male) |
| 21:52 | Build | Stable |
| 21:54 | Create | Villager (Male) |
| 21:55 | Create | Villager (Male) |
| 22:05 | Build | Farm |
| 22:12 | Build | Farm |
| 22:30 | Create | Villager (Male) |
| 22:31 | Create | Villager (Male) |
| 22:49 | Create | Knight |
| 22:49 | Create | Knight |
| 22:52 | Research | Forging |
| 22:52 | Research | Scale Barding Armor |
| 22:59 | Build | Stable |
| 23:17 | Create | Villager (Male) |
| 23:19 | Create | Villager (Male) |
| 23:39 | Create | Villager (Male) |
| 23:39 | Create | Villager (Male) |
| 23:49 | Build | Siege Workshop |
| 23:52 | Create | Knight |
| 23:53 | Create | Knight |
| 23:55 | Create | Villager (Male) |
| 24:02 | Build | Mining Camp |
| 24:20 | Research | Iron Casting |
| 24:27 | Build | Farm |
| 24:46 | Create | Knight |
| 24:46 | Create | Knight |
| 24:47 | Create | Knight |
| 24:56 | Build | House |
| 24:57 | Build | House |
| 26:00 | Create | Knight ×5 |
| 27:05 | Create | Villager (Male) |
| 27:05 | Create | Villager (Male) |
| 27:05 | Create | Villager (Male) |
| 27:06 | Create | Villager (Male) |
| 27:07 | Create | Villager (Male) |
| 27:09 | Build | House |
| 27:09 | Build | House |
| 28:21 | Create | Villager (Male) |
| 28:21 | Create | Villager (Male) |
| 28:22 | Create | Villager (Male) |
| 28:22 | Create | Villager (Male) |
| 29:41 | Create | Knight ×5 |
| 32:08 | Create | Villager (Male) |
| 32:09 | Create | Villager (Male) |
| 32:09 | Create | Villager (Male) |
| 32:09 | Create | Villager (Male) |
| 32:10 | Create | Villager (Male) |
| 32:10 | Create | Villager (Male) |
| 32:14 | Build | Lumber Camp |
| 32:39 | Build | Stone Wall |
Build order — simirfan
109 actions detected in the replay
| 0:22 | Create | Villager (Male) ×4 |
| 0:23 | Research | Loom |
| 1:41 | Create | Villager (Male) |
| 1:49 | Create | Villager (Male) |
| 3:12 | Create | Villager (Male) ×2 |
| 3:18 | Create | Villager (Male) |
| 4:28 | Build | Lumber Camp |
| 4:53 | Create | Villager (Male) |
| 5:57 | Build | Mill |
| 6:01 | Create | Villager (Male) ×5 |
| 7:03 | Build | Mining Camp |
| 7:30 | Build | Mining Camp |
| 7:38 | Create | Villager (Male) |
| 7:39 | Create | Villager (Male) |
| 9:48 | Research | Feudal Age |
| 10:26 | Create | Villager (Male) ×3 |
| 11:58 | Age | Feudal Age |
| 14:00 | Build | Farm |
| 14:01 | Build | Farm |
| 14:02 | Build | Farm |
| 14:25 | Create | Villager (Male) |
| 15:01 | Build | Farm |
| 15:01 | Build | Farm |
| 15:02 | Build | Farm |
| 15:02 | Build | Farm |
| 15:02 | Build | Farm |
| 15:03 | Build | Farm |
| 15:03 | Build | Farm |
| 15:04 | Build | Farm |
| 15:04 | Build | Farm |
| 15:06 | Build | Farm |
| 15:07 | Build | Farm |
| 15:49 | Research | Horse Collar |
| 15:52 | Research | Double-Bit Axe |
| 16:04 | Build | Farm |
| 16:12 | Create | Villager (Male) ×5 |
| 17:01 | Create | Villager (Male) |
| 17:15 | Build | Market |
| 18:22 | Build | Blacksmith |
| 19:21 | Research | Castle Age |
| 19:37 | Build | Watch Tower |
| 19:46 | Create | Villager (Male) ×5 |
| 21:58 | Research | Wheelbarrow |
| 21:59 | Research | Town Watch |
| 22:01 | Age | Castle Age |
| 22:04 | Research | Heavy Plow |
| 22:07 | Research | Bow Saw |
| 22:27 | Research | Forging |
| 22:28 | Research | Scale Mail Armor |
| 22:29 | Research | Scale Barding Armor |
| 22:46 | Create | Trade Cart |
| 22:47 | Create | Trade Cart |
| 23:28 | Build | Town Center |
| 24:33 | Create | Villager (Male) ×5 |
| 24:53 | Research | Gold Mining |
| 24:55 | Research | Stone Mining |
| 25:05 | Research | Stone Mining |
| 25:16 | Research | Chain Mail Armor |
| 25:31 | Create | Villager (Male) ×3 |
| 26:07 | Research | Gold Shaft Mining |
| 26:31 | Build | Farm |
| 26:32 | Build | Farm |
| 26:33 | Build | Farm |
| 26:34 | Build | Farm |
| 26:49 | Create | Villager (Male) ×5 |
| 27:39 | Build | Castle |
| 28:34 | Build | Mining Camp |
| 29:00 | Create | Villager (Male) ×5 |
| 29:02 | Research | Hand Cart |
| 29:09 | Create | Villager (Male) ×4 |
| 29:20 | Build | Farm |
| 29:21 | Build | Farm |
| 29:23 | Build | Farm |
| 29:24 | Build | Farm |
| 29:25 | Build | Farm |
| 29:53 | Research | Marauders |
| 30:16 | Build | Monastery |
| 30:21 | Build | University |
| 30:40 | Build | Farm |
| 30:41 | Build | Farm |
| 31:02 | Create | Villager (Male) ×5 |
| 31:24 | Research | Town Patrol |
| 31:30 | Research | Chain Barding Armor |
| 31:44 | Create | Trade Cart |
| 31:45 | Create | Trade Cart |
| 31:51 | Build | Farm |
| 32:13 | Create | Tarkan |
| 32:39 | Build | Siege Workshop |
| 32:46 | Build | Farm |
| 32:46 | Build | Farm |
| 32:47 | Build | Farm |
| 32:51 | Build | Farm |
| 32:52 | Build | Farm |
| 32:57 | Create | Villager (Male) ×5 |
| 33:01 | Create | Villager (Male) ×5 |
| 33:12 | Create | Tarkan ×4 |
| 34:14 | Create | Tarkan ×5 |
| 34:14 | Create | Tarkan ×5 |
| 34:27 | Build | Farm |
| 34:55 | Research | Iron Casting |
| 35:03 | Create | Tarkan |
| 37:10 | Create | Tarkan ×5 |
| 37:10 | Create | Tarkan ×5 |
| 38:30 | Create | Tarkan ×5 |
| 42:42 | Build | Gate |
| 43:30 | Build | Town Center |
| 45:00 | Build | Mining Camp |
| 45:16 | Create | Mangonel |
| 45:34 | Create | Mangonel |
Match timeline
| 6:43 | Geosim · first_building Barracks |
| 8:21 | Myll_Barka · first_building Barracks |
| 10:11 | karamasce · age_up feudal |
| 10:18 | Pontifex Fakkulus · age_up feudal |
| 11:06 | Myll_Barka · age_up feudal |
| 11:12 | Myll_Barka · first_building Stable |
| 11:35 | Pillage The Village · age_up feudal |
| 11:36 | COMMANDER SANDER · age_up feudal |
| 11:58 | simirfan · age_up feudal |
| 12:02 | Pontifex Fakkulus · first_building Barracks |
| 12:15 | Geosim · age_up feudal |
| 12:17 | M.S. · age_up feudal |
| 12:58 | COMMANDER SANDER · first_market_buy 100 food |
| 13:29 | M.S. · first_market_buy 100 food |
| 13:31 | M.S. · first_market_sell 100 wood |
| 14:00 | Pontifex Fakkulus · first_building Archery Range |
| 15:19 | Pillage The Village · age_up castle |
| 15:28 | Pillage The Village · first_building Monastery |
| 15:33 | Pillage The Village · first_market_buy 100 wood |
| 16:17 | Myll_Barka · age_up castle |
| 16:18 | COMMANDER SANDER · age_up castle |
| 16:19 | M.S. · age_up castle |
| 17:06 | M.S. · first_building Castle |
| 17:11 | Pontifex Fakkulus · first_building Stable |
| 17:47 | Pillage The Village · first_building Barracks |
| 19:05 | karamasce · age_up castle |
| 19:11 | Pontifex Fakkulus · age_up castle |
| 19:43 | karamasce · first_building Barracks |
| 19:48 | COMMANDER SANDER · first_building Barracks |
| 20:09 | karamasce · first_building Siege Workshop |
| 20:40 | COMMANDER SANDER · first_building Stable |
| 20:46 | karamasce · first_building Archery Range |
| 21:38 | Myll_Barka · first_building Siege Workshop |
| 22:01 | simirfan · age_up castle |
| 22:23 | Geosim · age_up castle |
| 22:25 | Geosim · first_building Siege Workshop |
| 22:57 | M.S. · wall_segment Stone Wall x2 |
| 23:00 | M.S. · wall_segment Stone Wall x6 |
| 23:26 | Geosim · first_market_sell 100 wood |
| 23:26 | Geosim · first_market_buy 100 food |
| 23:49 | COMMANDER SANDER · first_building Siege Workshop |
| 23:53 | Pontifex Fakkulus · first_building Siege Workshop |
| 25:24 | Pillage The Village · first_building Castle |
| 25:27 | M.S. · first_building Monastery |
| 27:20 | M.S. · first_building Barracks |
| 27:35 | Myll_Barka · first_building Monastery |
| 27:39 | simirfan · first_building Castle |
| 28:33 | M.S. · first_building Siege Workshop |
| 30:04 | M.S. · age_up imperial |
| 30:08 | Pontifex Fakkulus · wall_segment Stone Wall x4 |
| 30:15 | karamasce · first_building Castle |
| 30:16 | simirfan · first_building Monastery |
| 30:57 | Pillage The Village · age_up imperial |
| 31:08 | Geosim · first_building Monastery |
| 31:23 | Myll_Barka · first_building Castle |
| 31:35 | M.S. · first_building Archery Range |
| 32:39 | COMMANDER SANDER · wall_segment Stone Wall x6 |
| 32:39 | simirfan · first_building Siege Workshop |
| 32:52 | karamasce · first_building Stable |
| 33:38 | COMMANDER SANDER · first_building Castle |
| 34:21 | Pillage The Village · first_market_sell 100 wood |
| 34:31 | COMMANDER SANDER · first_building Monastery |
| 34:35 | Pillage The Village · tribute_sent a jugador 2 |
| 34:35 | Pillage The Village · tribute_sent a jugador 3 |
| 34:35 | Pillage The Village · tribute_sent a jugador 4 |
| 34:35 | Pillage The Village · tribute_sent a jugador 5 |
| 34:35 | Pillage The Village · tribute_sent a jugador 6 |
| 34:35 | Pillage The Village · tribute_sent a jugador 7 |
| 34:35 | Pillage The Village · tribute_sent a jugador 8 |
| 36:59 | COMMANDER SANDER · tribute_sent a jugador 1 |
| 36:59 | COMMANDER SANDER · tribute_sent a jugador 2 |
| 36:59 | COMMANDER SANDER · tribute_sent a jugador 3 |
| 36:59 | COMMANDER SANDER · tribute_sent a jugador 4 |
| 36:59 | COMMANDER SANDER · tribute_sent a jugador 5 |
| 36:59 | COMMANDER SANDER · tribute_sent a jugador 6 |
| 36:59 | COMMANDER SANDER · tribute_sent a jugador 8 |
| 37:19 | M.S. · first_building Stable |
| 38:40 | Pillage The Village · tribute_sent a jugador 2 |
| 38:40 | Pillage The Village · tribute_sent a jugador 3 |
| 38:40 | Pillage The Village · tribute_sent a jugador 4 |
| 38:40 | Pillage The Village · tribute_sent a jugador 5 |
| 38:40 | Pillage The Village · tribute_sent a jugador 6 |
| 38:40 | Pillage The Village · tribute_sent a jugador 7 |
| 38:40 | Pillage The Village · tribute_sent a jugador 8 |
| 39:10 | COMMANDER SANDER · age_up imperial |
| 40:35 | COMMANDER SANDER · tribute_sent a jugador 1 |
| 40:35 | COMMANDER SANDER · tribute_sent a jugador 2 |
| 40:35 | COMMANDER SANDER · tribute_sent a jugador 3 |
| 40:35 | COMMANDER SANDER · tribute_sent a jugador 4 |
| 40:35 | COMMANDER SANDER · tribute_sent a jugador 5 |
| 40:35 | COMMANDER SANDER · tribute_sent a jugador 6 |
| 40:35 | COMMANDER SANDER · tribute_sent a jugador 8 |
| 41:45 | karamasce · wall_segment Stone Wall x8 |
| 41:58 | karamasce · age_up imperial |
| 44:07 | simirfan · tribute_sent a jugador 1 |
| 44:07 | simirfan · tribute_sent a jugador 2 |
| 44:07 | simirfan · tribute_sent a jugador 3 |
| 44:07 | simirfan · tribute_sent a jugador 4 |
| 44:07 | simirfan · tribute_sent a jugador 5 |
| 44:07 | simirfan · tribute_sent a jugador 6 |
| 44:07 | simirfan · tribute_sent a jugador 7 |
| 44:12 | Myll_Barka · age_up imperial |
| 44:37 | Geosim · resign |
| 46:12 | Pontifex Fakkulus · first_building Monastery |
[ AI ANALYSIS · 1 CREDIT ]
What really happened in this match?
Wolo.gg analyzes every decision: build order, eco, micro, common mistakes by bracket. Personalized analysis on WhatsApp or Discord in 30 seconds.
Civ guide
Goths
Perfil
Jugador #596177